 Dungeon Crawl Stone Soup version 0.28-a0-991-g956f0ee3d5 (webtiles) character file.

Game seed: 10513066341850958747

35 horus123 the Caller (level 3, -1/28 HPs)
             Began as a Deep Elf Summoner on Dec 4, 2021.
             Succumbed to an adder's poison
             ... on level 2 of the Dungeon.
             The game lasted 00:06:11 (1571 turns).

horus123 the Caller (Deep Elf Summoner)             Turns: 1571, Time: 00:06:12

Health: -1/28      AC: 21    Str:  5    XL:     3   Next: 16%
Magic:  10/10      EV:  2    Int: 21    God:
Gold:   6          SH:  0    Dex: 15    Spells: 5/10 levels left

rFire   . . .      SeeInvis .   b - staff of death
rCold   . . .      Faith    .   (no shield)
rNeg    + . .      Spirit   .   (armour currently unavailable)
rPois   +          Reflect  .   (helmet currently unavailable)
rElec   .          Harm     .   (cloak currently unavailable)
rCorr   .          Rampage  .   (gloves currently unavailable)
Will    .....      NoTele   +   (boots currently unavailable)
Stlth   ++........              (no amulet)
HPRegen 0.09/turn               (no ring)
MPRegen 0.12/turn               (no ring)

@: lethally poisoned (-1 -> -9), tree-form, attractive
A: stationary, stasis, torment immunity, boosted hp
a: no special abilities


You were on level 2 of the Dungeon.
You were a tree.
You visited 1 branch of the dungeon, and saw 2 of its levels.

You collected 6 gold pieces.

Inventory:

Armour
 a - a +0 robe (melded)
Magical Staves
 b - a staff of death (weapon)
Wands
 g - a wand of charming (14)
Scrolls
 d - 2 scrolls of identify
 e - a scroll of fog {unknown}
 f - a scroll of fear {unknown}
 h - a scroll of amnesia
 j - a scroll of immolation {unknown}
Potions
 c - a potion of lignification


   Skills:
 - Level 2.4 Dodging
 - Level 2.4 Stealth
 - Level 4.0 Spellcasting
 - Level 5.1 Summonings
 + Level 0.3 Evocations


You had 5 spell levels left.
You knew the following spells:

 Your Spells              Type           Power      Damage    Failure   Level
a - Call Canine Familiar  Summ           25%        N/A       4%          3
b - Call Imp              Summ           25%        N/A       2%          2

Your spell library contained the following spells:

 Spells                   Type           Power      Damage    Failure   Level
 Summon Small Mammal      Summ           100%       N/A       1%          1
 Summon Guardian Golem    Hex/Summ       14%        N/A       13%         3
 Summon Lightning Spire   Summ/Air       14%        N/A       38%         4


Dungeon Overview and Level Annotations

Branches:
Dungeon (2/15)

Altars:
Ru


Message History

Your crimson imp blinks!
You closely miss the adder. The adder bites you. The adder bites you.
You are poisoned.
The adder poisons you! The adder bites you.
You feel sick.
You feel sick. The adder bites you.
You feel sick.
You feel sick.
You are no longer poisoned.
The adder barely misses you.
Your crimson imp hits the adder but does no damage.
The adder bites you but does no damage.
Your crimson imp blinks!
The adder bites you.
* * * LOW HITPOINT WARNING * * *
You are lethally poisoned!
The adder poisons you!
It was a potion of attraction.
You feel attractive to monsters.
* * * LOW HITPOINT WARNING * * *
You feel sick.
Your crimson imp blinks!
The adder closely misses you.
Really quaff the potion of lignification? [Y]es or [N]o only, please.
Really quaff the potion of lignification? [Y]es or [N]o only, please.
Really quaff the potion of lignification?
You turn into a tree.
Your +0 robe melds into your body.
Your roots penetrate the ground.
You feel sick. The adder bites you but does no damage.
You closely miss the adder.
* * * LOW HITPOINT WARNING * * *
You feel sick. The adder bites you but does no damage. The adder bites you.
* * * LOW HITPOINT WARNING * * *
You are more poisoned.
The adder poisons you!
You miss the adder.
You die...

# ######## .##.#.####
#......# ......5..#
#......# ########.#
#......# #.♣S.#5..#
#......# #.##5#.###
#......#### #.##...#
#.........####.##.###
#......##.##.#.########
#######.##.##.#.<...>...
)## #.##....#..#######
..## #.#######.......#
#..####.#.....##.#######


You could see an adder (ally target) and a friendly crimson imp (summoned).

Vanquished Creatures
  A goblin (D:1)
  A rat (D:1)
2 creatures vanquished.

Vanquished Creatures (collateral kills)
  A gnoll (D:1)
  2 dart slugs (D:2)
  A giant cockroach (D:2)
  A hobgoblin (D:1)
  3 ball pythons
  3 bats (D:1)
  3 frilled lizards (D:1)
  2 goblins
  4 kobolds
  2 rats
22 creatures vanquished.

Grand Total: 24 creatures vanquished

Notes
Turn   | Place    | Note
-------+----------+-------------------------------------------
     0 | D:1      | horus123 the Deep Elf Summoner began the quest for the Orb.
     0 | D:1      | Reached XP level 1. HP: 10/10 MP: 6/6
   539 | D:1      | Reached XP level 2. HP: 12/15 MP: 5/9
   543 | D:1      | Learned a level 2 spell: Call Imp
  1111 | D:2      | Found a sacrificial altar of Ru.
  1166 | D:2      | Reached skill level 5 in Summonings
  1180 | D:2      | Reached XP level 3. HP: 10/19 MP: 7/10
  1184 | D:2      | Learned a level 3 spell: Call Canine Familiar
  1570 | D:2      | HP: 1/28 [adder (2)]
  1571 | D:2      | Succumbed to an adder's poison

Illustrated notes

Levels and vault maps discovered:
D:1:      lemuel_arrival_room, layout_loops_ring
D:2:      layout_basic, serial_curves, eino_curves_02, eino_curves_04,
          basic_altar, minmay_3d_cube

Skill      XL: |  1  2 |
---------------+-------+-----
Spellcasting   | 4 |  4.0
Summonings     | 5 |  5.1
Dodging        | |  2.4
Stealth        | |  2.4
Evocations     | |  0.3

Action                   || total
-------------------------++-------
Melee: Unarmed           ||     2
       Staff             ||    18
 Cast: Summon Small Mamm ||    31
       Call Imp          ||    13
  Use: Scroll            ||     2
       Potion            ||     2
 Stab: Distracted        ||     1
       Sleeping          ||     1
Armor: Robe              ||    11
       Skin              ||     2
Dodge: Dodged            ||    41

Table legend: (Time is in decaauts)
 A = Elapsed time spent in this place.
 B = Non-inter-level travel time spent in this place.
 C = Inter-level travel time spent in this place.
 D = Time resting spent in this place.
 E = Time spent auto-exploring this place.
 F = Levels seen in this place.
 G = Mean time per level.
                   A        B        C        D        E       F      G
               +--------+--------+--------+--------+--------+-----+--------+
         Total |   1573 |   1568 |      5 |     17 |   1185 |   2 |  786.5 |
       Dungeon |   1573 |   1568 |      5 |     17 |   1185 |   2 |  786.5 |
               +--------+--------+--------+--------+--------+-----+--------+

Top non-repeatable levels by time:
     D:1: 1106 daAuts
     D:2: 467 daAuts
